 Dungeon Crawl Stone Soup version 0.29.0-4-gdea44cf6ec (webtiles) character file.

Game seed: 12658249244716300817

9125 qw the Cleaver (level 11, -9/72 HPs)
             Began as a Gargoyle Berserker on Sept 6, 2022.
             Was a Priest of Trog.
             Mangled by a vampire (10 damage)
             ... summoned by an orange crystal statue
             ... on level 10 of the Dungeon.
             The game lasted 00:03:36 (11448 turns).

qw the Cleaver (Gargoyle Berserker)                Turns: 11448, Time: 00:03:37

Health: -9/72      AC: 24    Str: 32    XL:     11   Next: 41%
Magic:  0/11       EV:  8    Int:  7    God:    Trog [***...]
Gold:   770        SH:  0    Dex:  5    Spells: 10/10 levels left

rFire   + . .      SeeInvis +   r - +10 hand axe of Sunlight {vorpal, rF+ rC++ Dex-4 SInv}
rCold   + + .      Faith    .   (no shield)
rNeg    + . .      Spirit   .   c - +0 plate armour
rPois   inf        Reflect  .   i - +0 helmet
rElec   +          Harm     .   n - +0 cloak
rCorr   .          Rampage  .   (no gloves)
Will    .....                   (no boots)
Stlth   ..........              (no amulet)
HPRegen 0.22/turn               (no ring)
MPRegen 0.12/turn               j - +6 ring of strength

@: about to teleport, on berserk cooldown, slowed, very slow
A: sickness immunity, AC +8, negative energy resistance 1, electricity
resistance, torment resistance 1, petrification resistance
a: Renounce Religion, Berserk, Trog's Hand


You were on level 10 of the Dungeon.
You worshipped Trog.
Trog was most pleased with you.
You visited 1 branch of the dungeon, and saw 10 of its levels.

You collected 844 gold pieces.
You spent 74 gold pieces at shops.


Innate Abilities, Weirdness & Mutations

You are immune to sickness and miasma.
Your stone body is resilient. (AC +8)
You are immune to poison.
You resist negative energy. (rN+)
You are resistant to electric shocks. (rElec)
You are resistant to unholy torment.
You are immune to petrification.


   Skills:
 - Level 10.1 Fighting
 + Level 12.0 Axes
 - Level 1.1 Throwing
 - Level 8.7 Armour
 - Level 2.9 Dodging


You had 10 spell levels left.
You didn't know any spells.
Your spell library was empty.

Inventory:

Hand Weapons
 o - a +0 war axe of venom
 q - a +0 demon whip of venom
 r - the +10 hand axe of Sunlight (weapon) {vorpal, rF+ rC++ Dex-4 SInv}
   (You found it on level 10 of the Dungeon)

   It inflicts extra damage upon your enemies.
   Dex:       It affects your dexterity (-4).
   rF:        It protects you from fire.
   rC:        It greatly protects you from cold.
   SInv:      It lets you see invisible.
Missiles
 k - 2 boomerangs (quivered)
Armour
 c - a +0 plate armour (worn)
 i - a +0 helmet (worn)
 n - a +0 cloak (worn)
Jewellery
 d - a ring of see invisible
 g - a ring of protection from cold
 j - a +6 ring of strength (right hand)
 p - a ring of willpower
Scrolls
 a - 5 scrolls of teleportation
 m - a scroll of identify
Potions
 b - a potion of curing
 e - 3 potions of heal wounds
 f - 4 potions of resistance
 h - a potion of mutation {unknown}
 l - 4 potions of might
 s - a potion of cancellation {unknown}

Dungeon Overview and Level Annotations

Branches:
Dungeon (10/15)            Temple (0/1) D:5            Lair (0/5) D:10
    Orc (0/2) D:9

Altars:
Ashenzari
Cheibriados
Dithmenos
Gozag
Makhleb
Nemelex Xobeh
Okawaru
Qazlal
Sif Muna
Vehumet
Yredelemnul
The Shining One

Shops:
D:9 (

Annotations:
D:9 1 runed translucent door, qw's ghost, novice FoCA


Message History

The gnoll's corpse dissolves into shadows!
You hit the vampire but do no damage. The vampire completely misses you.
The vampire bites you but does no damage.
The gnoll sergeant hits you from afar with a +1 spear of flaming.
The orange crystal statue glitters.
You slash the vampire!
The vampire is moderately damaged.
The vampire hits you but does no damage.
The vampire bites you!
The gnoll sergeant hits you but does no damage.
The orange crystal statue fixes its piercing gaze on you.
You feel your power leaking away.
You closely miss the vampire.
The vampire is moderately damaged.
You hit the yak. x2
The vampire hits you. The vampire barely misses you.
The gnoll sergeant hits you but does no damage.
The yak gores you but does no damage.
The orange crystal statue glitters.
You resist with almost no effort.
You hit the vampire.
The vampire is heavily damaged.
You slash the yak! You hit the yak. x2; You slash the yak!
The vampire hits you. The vampire bites you.
The gnoll sergeant hits you from afar with a +1 spear of flaming!
The gnoll sergeant burns you. The yak gores you!
The yak gores you but does no damage. x3
11448 ||| READING 6 scrolls of teleportation.
As you read the scroll of teleportation, it crumbles to dust.
You feel strangely unstable.
The vampire hits you but does no damage.
The vampire bites you but does no damage.
The gnoll sergeant hits you but does no damage.
The yak gores you. The yak barely misses you.
The yak gores you but does no damage.
The orange crystal statue fixes its piercing gaze on you.
The gnoll sergeant hits you but does no damage.
The vampire hits you!
You die...

#.. #.. #..## #...#
#...## #....###
#....Yg####
#..YYY..)8#
#..Y@VY####
#.........#....###
#.........#..?##
#.........#...#
#.........#..##
#.........#..#
#.........#..# ..
###.........#..# ..
#.##'########..#..#


You could see an orange crystal statue, 6 yaks, a vampire (summoned, invisible)
and a gnoll sergeant (summoned).

Vanquished Creatures
  Harold (D:9)
  An ogre mage (D:8)
  Amaemon (D:8)
  Pikel (D:4)
  A manticore (D:8)
  An orange demon (D:8)
  Maggie (D:7)
  6 yaks
  4 hogs (D:7)
  A human (D:7)
  2 steam dragons
  2 vampire mosquitoes (D:9)
  Menkaure (D:7)
  A water moccasin (D:7)
  3 orc warriors
  Duvessa (D:7)
  A black bear (D:6)
  A sky beast (D:6)
  3 ice beasts
  An ogre (D:6)
  A centaur (D:5)
  A lemure (D:4)
  A phantom (D:6)
  2 kobold brigands
  2 bullfrogs
  2 scorpions
  3 necrophages
  5 wights (D:8)
  Dowan (D:7)
  13 killer bees
  A howler monkey (D:7)
  4 orc priests
  3 hounds
  2 jellies
  A gnoll bouda (D:4)
  An iron imp (D:3)
  Jessica (D:2)
  4 orc wizards
  3 iguanas
  9 gnolls
  11 adders
  3 shadow imps
  4 white imps
  An ufetubus (D:4)
  A worm (D:2)
  2 dart slugs
  30 orcs
  8 ball pythons
  5 bats
  9 endoplasms
  A giant cockroach (D:2)
  6 goblins
  5 hobgoblins
  A jackal (D:1)
  18 kobolds
  3 quokkas
  5 frilled lizards
  10 rats
217 creatures vanquished.

Vanquished Creatures (others)
  Maurice (D:9)
  2 withered plants (D:9)
3 creatures vanquished.

Grand Total: 220 creatures vanquished

Notes
Turn   | Place    | Note
-------+----------+-------------------------------------------
     0 | D:1      | qw the Gargoyle Berserker began the quest for the Orb.
     0 | D:1      | Reached XP level 1. HP: 14/14 MP: 1/1
     0 | D:1      | 0 ||| qw: Version: 0.1-a-107-g9ff403c
     0 | D:1      | 0 ||| qw: Game counter: 6121
     0 | D:1      | 0 ||| qw: Always use a shield: true
     0 | D:1      | 0 ||| qw: Do Orc after D:15 true
     0 | D:1      | 0 ||| qw: Do second Lair branch before Depths: true
     0 | D:1      | 0 ||| qw: Lair rune preference: random
     0 | D:1      | 0 ||| qw: Plans: Normal
     0 | D:1      | 0 ||| PLANNING D:1-11
   136 | D:1      | Reached skill level 3 in Axes
   383 | D:1      | Reached XP level 2. HP: 19/19 MP: 2/2
  1070 | D:1      | 1070 ||| Stepping ~*~*~tactically~*~*~ (stealth).
  1072 | D:1      | 1072 ||| Stepping ~*~*~tactically~*~*~ (stealth).
  1073 | D:1      | 1073 ||| Stepping ~*~*~tactically~*~*~ (stealth).
  1083 | D:1      | Reached XP level 3. HP: 10/23 MP: 3/3
  1083 | D:1      | 1083 ||| INVOKING Berserk.
  1409 | D:1      | 1409 ||| DROPPING orb of energy.
  1410 | D:1      | 1410 ||| UPGRADING to +0 scale mail.
  1420 | D:1      | 1420 ||| DROPPING +0 animal skin.
  1421 | D:1      | 1421 ||| READING scroll labelled RERYRUQUGE.
  1422 | D:1      | 1422 ||| READING scroll labelled VOCSEOFOASS.
  1423 | D:1      | 1423 ||| READING scroll labelled ERUEDI INLIRRE.
  1424 | D:1      | 1424 ||| READING scroll labelled PUSEVA YN KYGENK.
  1425 | D:1      | 1425 ||| DRINKING 2 inky potions.
  1447 | D:2      | 1447 ||| Stepping ~*~*~tactically~*~*~ (hiding).
  1552 | D:2      | 1552 ||| Stepping ~*~*~tactically~*~*~ (stealth).
  1561 | D:2      | 1561 ||| DROPPING +0 club.
  1567 | D:2      | Reached ** piety under Trog
  1568 | D:2      | Reached skill level 4 in Axes
  1610 | D:2      | 1610 ||| FLEEEEING.
  1616 | D:2      | 1616 ||| FLEEEEING.
  1617 | D:2      | 1617 ||| FLEEEEING.
  1618 | D:2      | 1618 ||| FLEEEEING.
  1620 | D:2      | 1620 ||| FLEEEEING.
  1621 | D:2      | 1621 ||| FLEEEEING.
  1622 | D:2      | 1622 ||| FLEEEEING.
  1623 | D:2      | 1623 ||| FLEEEEING.
  1624 | D:2      | 1624 ||| FLEEEEING.
  1625 | D:2      | 1625 ||| FLEEEEING.
  1626 | D:2      | 1626 ||| FLEEEEING.
  1627 | D:2      | 1627 ||| FLEEEEING.
  1630 | D:2      | 1630 ||| FLEEEEING.
  1631 | D:2      | 1631 ||| FLEEEEING.
  1632 | D:2      | 1632 ||| STAIRDANCE
  1719 | D:2      | 1719 ||| DROPPING +0 whip.
  1828 | D:2      | Reached XP level 4. HP: 28/28 MP: 4/4
  1984 | D:2      | Noticed Jessica
  1985 | D:2      | 1985 ||| Stepping ~*~*~tactically~*~*~ (hiding).
  1986 | D:2      | 1986 ||| Stepping ~*~*~tactically~*~*~ (hiding).
  1993 | D:2      | Killed Jessica
  1994 | D:2      | 1994 ||| Stepping ~*~*~tactically~*~*~ (stealth).
  2003 | D:2      | 2003 ||| Stepping ~*~*~tactically~*~*~ (stealth).
  2131 | D:2      | 2131 ||| UPGRADING to +0 plate armour.
  2141 | D:2      | 2141 ||| DROPPING +0 scale mail.
  2142 | D:2      | 2142 ||| READING 3 scrolls labelled UROGOTRIEHE.
  2143 | D:2      | 2143 ||| READING 2 scrolls of enchant weapon.
  2143 | D:2      | 2143 ||| ENCHANTING +1 hand axe of freezing.
  2144 | D:2      | 2144 ||| READING scroll of enchant weapon.
  2144 | D:2      | 2144 ||| ENCHANTING +2 hand axe of freezing.
  2145 | D:2      | 2145 ||| READING scroll labelled FESOCV DOUDI.
  2150 | D:2      | 2150 ||| READING scroll labelled NOWIB OXUIH.
  2151 | D:2      | 2151 ||| READING scroll labelled WIGGUO GERPHIG.
  2152 | D:2      | 2152 ||| DRINKING 2 dark potions.
  2153 | D:2      | 2153 ||| DRINKING 2 murky dark potions.
  2154 | D:2      | 2154 ||| DROPPING potion of magic.
  2167 | D:3      | 2167 ||| STAIRDANCE
  2178 | D:3      | Reached skill level 5 in Axes
  2178 | D:3      | Reached XP level 5. HP: 32/32 MP: 5/5
  2224 | D:3      | Found an iron altar of Okawaru.
  2245 | D:3      | Found a snail-covered altar of Cheibriados.
  2547 | D:3      | Reached skill level 3 in Armour
  2552 | D:3      | 2552 ||| DROPPING +0 flail.
  2819 | D:3      | 2819 ||| DROPPING +2 flail of draining.
  2821 | D:3      | Found a sparkling altar of Nemelex Xobeh.
  3092 | D:3      | Reached *** piety under Trog
  3103 | D:3      | Found a faded altar of an unknown god.
  3218 | D:3      | 3218 ||| UPGRADING to +0 cloak.
  3223 | D:3      | 3223 ||| UPGRADING to +6 ring of strength.
  3224 | D:3      | 3224 ||| UPGRADING to ring of willpower.
  3225 | D:3      | 3225 ||| DRINKING 2 murky brown potions.
  3226 | D:3      | 3226 ||| DRINKING 2 puce potions.
  3227 | D:3      | 3227 ||| READING 2 scrolls of identify.
  3227 | D:3      | 3227 ||| IDENTIFYING fizzy ruby potion
  3228 | D:3      | 3228 ||| DROPPING potion of brilliance.
  3229 | D:3      | 3229 ||| DROPPING potion of berserk rage.
  3288 | D:4      | 3288 ||| INVOKING Berserk.
  3293 | D:4      | Reached XP level 6. HP: 38/38 MP: 6/6
  3471 | D:4      | Reached skill level 6 in Axes
  3575 | D:4      | Found a broken altar of Ashenzari.
  3699 | D:4      | 3699 ||| Stepping ~*~*~tactically~*~*~ (stealth).
  3705 | D:4      | 3705 ||| FLEEEEING.
  3706 | D:4      | 3706 ||| FLEEEEING.
  3707 | D:4      | 3707 ||| FLEEEEING.
  3708 | D:4      | 3708 ||| FLEEEEING.
  3709 | D:4      | 3709 ||| FLEEEEING.
  3710 | D:4      | 3710 ||| FLEEEEING.
  3711 | D:4      | 3711 ||| FLEEEEING.
  3712 | D:4      | 3712 ||| FLEEEEING.
  3713 | D:4      | 3713 ||| FLEEEEING.
  3714 | D:4      | 3714 ||| FLEEEEING.
  3715 | D:4      | 3715 ||| FLEEEEING.
  3716 | D:4      | 3716 ||| FLEEEEING.
  3717 | D:4      | 3717 ||| FLEEEEING.
  3718 | D:4      | 3718 ||| FLEEEEING.
  3719 | D:4      | 3719 ||| FLEEEEING.
  3720 | D:4      | 3720 ||| FLEEEEING.
  3721 | D:4      | 3721 ||| FLEEEEING.
  3733 | D:4      | 3733 ||| FLEEEEING.
  3738 | D:4      | 3738 ||| STAIRDANCE
  3814 | D:3      | 3814 ||| READING scroll labelled UMUCHYCROKKO.
  3815 | D:3      | 3815 ||| DRINKING 4 white potions.
  3816 | D:3      | 3816 ||| READING 2 scrolls of identify.
  3816 | D:3      | 3816 ||| IDENTIFYING metallic purple potion
  3817 | D:3      | 3817 ||| DROPPING potion of invisibility.
  3818 | D:3      | 3818 ||| DROPPING 3 potions of degeneration.
  3824 | D:4      | 3824 ||| Stepping ~*~*~tactically~*~*~ (stealth).
  3825 | D:4      | 3825 ||| Stepping ~*~*~tactically~*~*~ (stealth).
  3835 | D:4      | 3835 ||| DROPPING +2 flail of protection.
  3945 | D:4      | Noticed Pikel
  3946 | D:4      | 3946 ||| Stepping ~*~*~tactically~*~*~ (stealth).
  3948 | D:4      | 3948 ||| Stepping ~*~*~tactically~*~*~ (stealth).
  3950 | D:4      | 3950 ||| INVOKING Berserk.
  3961 | D:4      | Killed Pikel
  3962 | D:4      | Reached skill level 8 in Axes
  3962 | D:4      | Reached XP level 7. HP: 41/43 MP: 7/7
  3962 | D:4      | Reached XP level 8. HP: 46/48 MP: 8/8
  3967 | D:4      | 3967 ||| Stepping ~*~*~tactically~*~*~ (stealth).
  4092 | D:4      | Found a shimmering blue altar of Sif Muna.
  4212 | D:4      | 4212 ||| Stepping ~*~*~tactically~*~*~ (stealth).
  4214 | D:4      | 4214 ||| Stepping ~*~*~tactically~*~*~ (stealth).
  4245 | D:4      | 4245 ||| INVOKING Berserk.
  4565 | D:5      | Entered Level 5 of the Dungeon
  4567 | D:5      | 4567 ||| Stepping ~*~*~tactically~*~*~ (hiding).
  4568 | D:5      | 4568 ||| Stepping ~*~*~tactically~*~*~ (hiding).
  4570 | D:5      | 4570 ||| Stepping ~*~*~tactically~*~*~ (hiding).
  4585 | D:5      | 4585 ||| INVOKING Berserk.
  4844 | D:5      | Reached skill level 6 in Fighting
  5046 | D:5      | You fall into a shaft and drop 2 floors!
  5076 | D:7      | Reached skill level 1 in Throwing
  5087 | D:7      | 5087 ||| Stepping ~*~*~tactically~*~*~ (stealth).
  5092 | D:7      | Noticed Duvessa
  5095 | D:7      | 5095 ||| INVOKING Berserk.
  5098 | D:7      | Killed Duvessa
  5247 | D:7      | 5247 ||| DROPPING orb of wrath.
  5248 | D:7      | 5248 ||| READING scroll labelled GAMACH TEFULAE.
  5249 | D:7      | 5249 ||| READING scroll labelled EPNATE COTH.
  6022 | D:5      | Reached skill level 9 in Axes
  6022 | D:5      | Reached XP level 9. HP: 55/55 MP: 9/9
  6048 | D:5      | Found a staircase to the Ecumenical Temple.
  6333 | D:6      | 6333 ||| INVOKING Berserk.
  6650 | D:6      | 6650 ||| INVOKING Berserk.
  6777 | D:6      | Found a stormy altar of Qazlal.
  7007 | D:6      | 7007 ||| UPGRADING to +0 helmet.
  7012 | D:6      | 7012 ||| UPGRADING to ring of see invisible.
  7014 | D:6      | 7014 ||| UPGRADING to +6 ring of strength.
  7223 | D:7      | 7223 ||| Stepping ~*~*~tactically~*~*~ (stealth).
  7235 | D:7      | Reached skill level 6 in Armour
  7242 | D:7      | Reached **** piety under Trog
  7243 | D:7      | Reached skill level 10 in Axes
  7396 | D:7      | 7396 ||| SWAPPING to +0 war axe.
  7409 | D:7      | 7409 ||| DROPPING +3 hand axe of freezing.
  7441 | D:7      | 7441 ||| Stepping ~*~*~tactically~*~*~ (hiding).
  7444 | D:7      | 7444 ||| Stepping ~*~*~tactically~*~*~ (hiding).
  7446 | D:7      | 7446 ||| Stepping ~*~*~tactically~*~*~ (hiding).
  7449 | D:7      | 7449 ||| INVOKING Berserk.
  7545 | D:7      | 7545 ||| Stepping ~*~*~tactically~*~*~ (stealth).
  7547 | D:7      | Noticed Maggie
  7548 | D:7      | 7548 ||| Stepping ~*~*~tactically~*~*~ (hiding).
  7554 | D:7      | Noticed Dowan
  7558 | D:7      | Reached XP level 10. HP: 64/64 MP: 10/10
  7567 | D:7      | Killed Maggie
  7568 | D:7      | 7568 ||| Stepping ~*~*~tactically~*~*~ (hiding).
  7581 | D:7      | 7581 ||| Stepping ~*~*~tactically~*~*~ (hiding).
  7589 | D:7      | Killed Dowan
  7814 | D:7      | 7814 ||| INVOKING Berserk.
  8069 | D:7      | Noticed Menkaure
  8070 | D:7      | 8070 ||| INVOKING Berserk.
  8072 | D:7      | Killed Menkaure
  8318 | D:7      | 8318 ||| READING scroll labelled SYMPOM HOOL.
  8319 | D:7      | 8319 ||| DRINKING 2 viscous grey potions.
  8320 | D:7      | 8320 ||| DROPPING potion of attraction.
  8342 | D:8      | 8342 ||| STAIRDANCE
  8475 | D:8      | Found a shadowy altar of Dithmenos.
  8606 | D:8      | 8606 ||| DROPPING +0 morningstar.
  8635 | D:8      | 8635 ||| Stepping ~*~*~tactically~*~*~ (hiding).
  8636 | D:8      | 8636 ||| Stepping ~*~*~tactically~*~*~ (hiding).
  8637 | D:8      | Noticed an ogre mage
  8638 | D:8      | 8638 ||| INVOKING Trog's Hand.
  8639 | D:8      | 8639 ||| INVOKING Berserk.
  8645 | D:8      | Killed an ogre mage
  8646 | D:8      | Reached skill level 11 in Axes
  8646 | D:8      | Noticed a manticore
  8651 | D:8      | Killed a manticore
  8724 | D:8      | 8724 ||| DROPPING +2 morningstar.
  8764 | D:8      | 8764 ||| INVOKING Berserk.
  8936 | D:8      | 8936 ||| Stepping ~*~*~tactically~*~*~ (hiding).
  8938 | D:8      | 8938 ||| Stepping ~*~*~tactically~*~*~ (hiding).
  8971 | D:8      | Found a glowing golden altar of the Shining One.
  9212 | D:8      | 9212 ||| Stepping ~*~*~tactically~*~*~ (stealth).
  9216 | D:8      | 9216 ||| Stepping ~*~*~tactically~*~*~ (stealth).
  9221 | D:8      | Reached skill level 9 in Fighting
  9228 | D:8      | 9228 ||| INVOKING Berserk.
  9389 | D:8      | Noticed Amaemon
  9389 | D:8      | Noticed an orange demon
  9390 | D:8      | 9390 ||| INVOKING Berserk.
  9397 | D:8      | Killed Amaemon
  9406 | D:8      | Killed an orange demon
  9407 | D:8      | Reached XP level 11. HP: 71/71 MP: 11/11
  9410 | D:8      | 9410 ||| Stepping ~*~*~tactically~*~*~ (stealth).
  9479 | D:8      | 9479 ||| DROPPING +6 morningstar of holy wrath.
  9886 | D:8      | Found a burning altar of Makhleb.
  9886 | D:8      | Found a basalt altar of Yredelemnul.
 10036 | D:8      | 10036 ||| DROPPING +0 chain mail of cold resistance.
 10037 | D:8      | 10037 ||| DROPPING amulet of faith.
 10078 | D:9      | Found a runed translucent door.
 10078 | D:9      | Noticed qw's ghost (novice FoCA)
 10115 | D:9      | 10115 ||| FLEEEEING.
 10116 | D:9      | 10116 ||| FLEEEEING.
 10117 | D:9      | 10117 ||| FLEEEEING.
 10118 | D:9      | 10118 ||| FLEEEEING.
 10119 | D:9      | 10119 ||| FLEEEEING.
 10120 | D:9      | 10120 ||| FLEEEEING.
 10121 | D:9      | 10121 ||| FLEEEEING.
 10123 | D:9      | 10123 ||| STAIRDANCE
 10268 | D:9      | 10268 ||| STAIRDANCE
 10362 | D:9      | 10362 ||| STAIRDANCE
 10414 | D:9      | 10414 ||| STAIRDANCE
 10431 | D:9      | Reached skill level 12 in Axes
 10431 | D:9      | 10431 ||| STAIRDANCE
 10598 | D:9      | Found a staircase to the Orcish Mines.
 10609 | D:9      | 10609 ||| Stepping ~*~*~tactically~*~*~ (stealth).
 10666 | D:9      | 10666 ||| Stepping ~*~*~tactically~*~*~ (stealth).
 10669 | D:9      | 10669 ||| INVOKING Berserk.
 10788 | D:9      | Found Iggoin's Weapon Shop.
 10812 | D:9      | 10812 ||| BUYING +0 war axe of venom (74 gold).
 10812 | D:9      | Bought a +0 war axe of venom for 74 gold pieces
 10812 | D:9      | 10812 ||| SWAPPING to +0 war axe of venom.
 10813 | D:9      | 10813 ||| DROPPING +0 war axe.
 10856 | D:9      | 10856 ||| Stepping ~*~*~tactically~*~*~ (hiding).
 11006 | D:9      | Found an opulent altar of Gozag.
 11007 | D:9      | Noticed Harold
 11008 | D:9      | 11008 ||| Stepping ~*~*~tactically~*~*~ (hiding).
 11013 | D:9      | 11013 ||| INVOKING Berserk.
 11018 | D:9      | Killed Harold
 11100 | D:9      | Found a radiant altar of Vehumet.
 11161 | D:9      | Noticed Maurice
 11162 | D:9      | 11162 ||| Stepping ~*~*~tactically~*~*~ (hiding).
 11174 | D:9      | Killed Maurice
 11329 | D:9      | 11329 ||| DRINKING 2 bubbling white potions.
 11330 | D:9      | 11330 ||| DROPPING potion of flight.
 11348 | D:10     | Entered Level 10 of the Dungeon
 11385 | D:10     | Found a staircase to the Lair.
 11402 | D:10     | Identified the +10 hand axe of Sunlight {vorpal, rF+ rC++
                  | Dex-4 SInv}
 11404 | D:10     | 11404 ||| SWAPPING to +10 hand axe of Sunlight {vorpal, rF+
                  | rC++ Dex-4 SInv}.
 11405 | D:10     | 11405 ||| REMOVING ring of see invisible.
 11411 | D:10     | Noticed an orange crystal statue
 11415 | D:10     | 11415 ||| DRINKING 2 potions of curing.
 11415 | D:10     | 11415 ||| (to cure confusion)
 11423 | D:10     | 11423 ||| INVOKING Berserk.
 11447 | D:10     | HP: 15/72 [gnoll sergeant/+1 spear of flaming[an orange
                  | crystal statue] (10)]
 11447 | D:10     | HP: 2/72 [yak[an orange crystal statue] (12)]
 11448 | D:10     | 11448 ||| READING 6 scrolls of teleportation.
 11448 | D:10     | Mangled by a vampire

Levels and vault maps discovered:
D:1:      lemuel_arrival_tunnels, layout_basic, serial_forest,
          infiniplex_forest_end_2, infiniplex_forest_end_3,
          infiniplex_forest_side_room, infiniplex_forest_corner_1,
          infiniplex_forest_clump_tiny, infiniplex_forest_clump_tiny,
          infiniplex_forest_clump_double, infiniplex_forest_zigzag_1,
          minmay_vboxes
D:2:      layout_basic, uniq_jessica
D:3:      minmay_chambers_of_threes, layout_basic, slow_altar_1,
          lemuel_tele_altar, mainiacjoe_overflow_24_doors,
          hellmonk_ecumenical_altar_defaced_shrine, minmay_misc_feat_room,
          st_stairs_14, uniq_natasha
D:4:      layout_basic, mainiacjoe_overflow_tiny_flanked, lemuel_crystal_altar,
          kennysheep_nub, uniq_pikel
D:5:      layout_gridville, minmay_temple_entry_from_below_a,
          chequers_serial_rivers_marsh
D:6:      layout_basic, nicolae_qazlal_scattered_showers
D:7:      layout_basic, grunt_livestock, uniq_menkaure, uniq_duvessa,
          uniq_maggie
D:8:      minmay_the_grid_four_pointed_star
          [minmay_the_grid_triangle_9x9_pentomino_pain,
          minmay_the_grid_triangle_9x9_limited_checkers,
          minmay_the_grid_triangle_9x9_sparse_checkered,
          minmay_the_grid_triangle_9x9_descending_squares,
          minmay_the_grid_prize_diamond_cup], layout_loops_corners,
          amcnicky_altar_gilded, mainiacjoe_overflow_surrounded_room,
          gammafunk_temple_overflow_pools, minmay_hedge_maze,
          kennysheep_generic_room_15, uniq_amaemon
D:9:      hellmonk_destroyed_diamonds, layout_rooms, lemuel_round_altar,
          grunt_gozag_statues, orc_david_3, gammafunk_ghost_grave, uniq_harold,
          uniq_maurice
D:10:     minmay_statue_hallways, layout_gridville, mainiacjoe_overflow_catwalk,
          fedhas_bush_and_centaur_altar, lair_entry_dummy, serial_shops,
          nicolae_shop_stone, kennysheep_little_box

Skill      XL: |  1  2  3  4  5  6  7  8  9 10 11 |
---------------+----------------------------------+-----
Axes           | 3 4 5 8 9 10 11 12 | 12.0
Armour         | 3 4 6 8 |  8.7
Fighting       | 4 6 8 9 10 | 10.1
Throwing       | 1 |  1.1
Dodging        | 2 |  2.9

Action                   |  1- 3 |  4- 6 |  7- 9 | 10-12 || total
-------------------------+-------+-------+-------+-------++-------
Melee: Hand axe          |    80 |   136 |   189 |    25 ||   430
       Punch             |       |     1 |     3 |     4 ||     8
       War axe           |       |       |    30 |   245 ||   275
Throw: Boomerang         |       |     4 |    27 |    28 ||    59
Invok: Berserk           |     1 |     2 |     6 |     9 ||    18
       Trog's Hand       |       |       |       |     1 ||     1
  Use: Scroll            |     4 |     9 |     2 |     2 ||    17
       Potion            |     1 |     5 |       |     3 ||     9
Armor: Animal skin       |     8 |       |       |       ||     8
       Scale mail        |    19 |     3 |       |       ||    22
       Plate armour      |       |    78 |   157 |   202 ||   437
Dodge: Dodged            |    38 |    35 |   105 |   101 ||   279

Table legend:
 A = Non-vault XP
 B = Vault XP
 C = Vault XP percentage of total XP
 D = Non-vault monster count
 E = Vault monster count
 F = Vault count percentage of total count
                 A         B        C        D         E       F
            +---------+---------+-------+---------+---------+-------
      Total |    5676 |    7360 |  56.5 |     160 |      57 |  26.3
            +---------+---------+-------+---------+---------+-------
        D:1 |      25 |      16 |  39.0 |      16 |       9 |  36.0
        D:2 |      77 |      37 |  32.5 |      24 |       1 |   4.0
        D:3 |      57 |      89 |  61.0 |      11 |      16 |  59.3
        D:4 |     621 |     673 |  52.0 |      26 |       1 |   3.7
        D:5 |     506 |       0 |   0.0 |      16 |       0 |   0.0
        D:6 |     884 |       0 |   0.0 |      18 |       0 |   0.0
        D:7 |     869 |    1773 |  67.1 |      17 |       9 |  34.6
        D:8 |    1470 |    3355 |  69.5 |      19 |      14 |  42.4
        D:9 |    1167 |    1417 |  54.8 |      13 |       7 |  35.0
            +---------+---------+-------+---------+---------+-------
